 Dungeon Crawl Stone Soup version 0.29.0-4-gdea44cf6ec (webtiles) character file.

Game seed: 7959451030072836464

368 qw the Chopper (level 6, 0/35 HPs)
             Began as a Tengu Warper on Aug 28, 2022.
             Succumbed to a kobold's poison
             ... on level 4 of the Dungeon.
             The game lasted 00:00:22 (3704 turns).

qw the Chopper (Tengu Warper)                       Turns: 3704, Time: 00:00:23

Health: 0/35       AC: 13    Str: 20    XL:     6   Next: 69%
Magic:  10/10      EV:  9    Int: 13    God:
Gold:   229        SH:  0    Dex: 13    Spells: 9/9 levels left

rFire   . . .      SeeInvis .   Y - +0 hand axe (vorpal)
rCold   . . .      Faith    .   (no shield)
rNeg    . . .      Spirit   .   i - +0 chain mail
rPois   .          Reflect  .   (helmet restricted)
rElec   .          Harm     .   (no cloak)
rCorr   .          Rampage  .   (no gloves)
Will    .....                   (boots unavailable)
Stlth   ..........              (no amulet)
HPRegen 0.11/turn               l - +4 ring of protection
MPRegen 0.12/turn               m - +6 ring of strength

@: lethally poisoned (0 -> -5), flying quickly and evasively, quick
A: beak, talons 3, nimble flight
a: no special abilities


You were on level 4 of the Dungeon.
You visited 1 branch of the dungeon, and saw 4 of its levels.

You collected 229 gold pieces.


Innate Abilities, Weirdness & Mutations

You have a beak for a mouth.
You have claws for feet.
Your magical nature lets you fly swiftly and evasively.


   Skills:
 - Level 2.0 Fighting
 + Level 6.8 Axes
 - Level 1.0 Throwing
 - Level 3.3 Armour
 - Level 2.1 Dodging
 - Level 2.0 Spellcasting
 - Level 2.4 Translocations


You had 9 spell levels left.
You didn't know any spells.
Your spell library contained the following spells:

 Spells                   Type           Power      Damage    Failure   Level
 Blink                    Tloc           14%        N/A       83%         2
 Gell's Gravitas          Tloc           7%         N/A       96%         3
 Lesser Beckoning         Tloc           7%         N/A       96%         3
 Teleport Other           Tloc           7%         N/A       96%         3
 Manifold Assault         Tloc           7%         N/A       100%        5

Inventory:

Hand Weapons
 a - a +0 flail
 Y - a +0 vorpal hand axe (weapon)
Armour
 i - a +0 chain mail (worn)
Jewellery
 l - a +4 ring of protection (left hand)
 m - a +6 ring of strength (right hand)
 n - a ring of protection from fire
 o - a ring of magical power
Scrolls
 c - a scroll of identify {unknown}
 d - 2 scrolls of enchant armour
 k - a scroll of amnesia {unknown}
Potions
 b - a potion of heal wounds {unknown}
 e - 3 potions of curing
 f - a potion of berserk rage {unknown}
 g - a potion of magic {unknown}
 h - a potion of attraction {unknown}
 j - a potion of lignification {unknown}
 p - a potion of invisibility {unknown}

Dungeon Overview and Level Annotations

Branches:
Dungeon (4/15)
 Temple: D:4-7

Altars:
Ru
Uskayaw

Shops:
D:3 :


Message History

A kobold comes into view.
It is wielding a +0 dagger and quivering poisoned darts.
The kobold shouts!
You hear a shout!
The kobold throws a poisoned dart.
The poisoned dart closely misses you.
A hobgoblin comes into view.
The kobold throws a poisoned dart.
The poisoned dart hits you!
You are poisoned.
You feel sick.
The kobold throws a poisoned dart.
The poisoned dart closely misses you.
You feel sick.
You feel sick.
The kobold throws a poisoned dart.
The poisoned dart hits you!
You are more poisoned.
3691 ||| FLEEEEING.
You feel very sick.
3692 ||| FLEEEEING.
You feel sick.
You feel sick.
You see here a hobgoblin skeleton.
3694 ||| FLEEEEING.
You feel sick.
The kobold throws a poisoned dart.
The poisoned dart hits you!
You are more poisoned.
Things that are here:
a +0 club; a hobgoblin skeleton
3695 ||| FLEEEEING.
You feel sick.
3696 ||| FLEEEEING.
You feel sick.
The kobold throws a poisoned dart.
The poisoned dart hits you!
You are more poisoned.
3697 ||| FLEEEEING.
You feel very sick.
The kobold throws a poisoned dart.
The poisoned dart hits you!
You are lethally poisoned!
3698 ||| FLEEEEING.
You feel very sick.
There is an open door here.
You feel very sick.
You feel sick.
You feel very sick.
You feel sick.
You feel sick.
You die...

#....# ##
#####....#####
..............
#######'######
.....
###########.######
.....
#.......).........
......####
#.##########.#####
.........# #.#
#...... .........#
#@# #####..
........# #.# #..
........####.# #..
#....'....# #..
#....###### ##.
#....### #.
###....# #. #.)..#
#. + #).%.# #.


There were no monsters in sight!

Vanquished Creatures
  A phantom (D:4)
  An orc priest (D:4)
  A gnoll bouda (D:4)
  An orc wizard (D:4)
  Robin (D:4)
  5 gnolls (D:4)
  6 adders
  A worm (D:3)
  2 dart slugs
  13 orcs
  6 ball pythons
  2 endoplasms
  2 giant cockroaches
  15 goblins
  10 hobgoblins
  3 kobolds
  2 quokkas
  6 bats
  4 frilled lizards
  6 rats
88 creatures vanquished.

Notes
Turn   | Place    | Note
-------+----------+-------------------------------------------
     0 | D:1      | qw the Tengu Warper began the quest for the Orb.
     0 | D:1      | Reached XP level 1. HP: 12/12 MP: 4/4
     0 | D:1      | 0 ||| qw: Version: 0.1-a-89-g26bdef1
     0 | D:1      | 0 ||| qw: Game counter: 1604
     0 | D:1      | 0 ||| qw: Always use a shield: true
     0 | D:1      | 0 ||| qw: God list: Okawaru
     0 | D:1      | 0 ||| qw: Allow faded altars: false
     0 | D:1      | 0 ||| qw: Do Orc after D:15 true
     0 | D:1      | 0 ||| qw: Do second Lair branch before Depths: true
     0 | D:1      | 0 ||| qw: Lair rune preference: random
     0 | D:1      | 0 ||| qw: Plans: Normal
     0 | D:1      | 0 ||| PLANNING D:1-11
    48 | D:1      | 48 ||| Stepping ~*~*~tactically~*~*~ (hiding).
    50 | D:1      | 50 ||| Stepping ~*~*~tactically~*~*~ (hiding).
   116 | D:1      | Reached skill level 3 in Axes
   116 | D:1      | Reached XP level 2. HP: 17/17 MP: 6/6
   215 | D:1      | Found a faded altar of an unknown god.
   712 | D:1      | 712 ||| UPGRADING to +0 chain mail.
   722 | D:1      | 722 ||| DROPPING +0 leather armour.
   723 | D:1      | 723 ||| UPGRADING to +4 ring of protection.
   724 | D:1      | 724 ||| UPGRADING to +6 ring of strength.
   725 | D:1      | 725 ||| READING 2 scrolls labelled GULYNN DAZE.
   726 | D:1      | 726 ||| READING scroll labelled DYIMPU WUEDIV.
   727 | D:1      | 727 ||| READING scroll labelled FANIGA ROBIFFOIMI.
   728 | D:1      | 728 ||| DRINKING 2 red potions.
   729 | D:1      | 729 ||| DROPPING scroll of fear.
   730 | D:1      | 730 ||| DROPPING scroll of blinking.
   877 | D:2      | Reached XP level 3. HP: 11/21 MP: 7/7
  1057 | D:2      | Reached skill level 4 in Axes
  1683 | D:2      | 1683 ||| Stepping ~*~*~tactically~*~*~ (stealth).
  1747 | D:2      | 1747 ||| READING scroll labelled JIGEIXZA DOAQU.
  1748 | D:2      | 1748 ||| Stepping randomly (stuck).
  1749 | D:2      | 1749 ||| Stepping ~*~*~tactically~*~*~ (cloud).
  1750 | D:2      | 1750 ||| DRINKING 2 potions of curing.
  1750 | D:2      | 1750 ||| (to cure poison)
  1869 | D:3      | 1869 ||| READING scroll of brand weapon.
  1869 | D:3      | 1869 ||| BRANDING +0 hand axe of protection.
  1871 | D:3      | 1871 ||| Stepping ~*~*~tactically~*~*~ (stealth).
  1879 | D:3      | 1879 ||| Stepping ~*~*~tactically~*~*~ (stealth).
  1931 | D:3      | 1931 ||| Stepping ~*~*~tactically~*~*~ (stealth).
  1932 | D:3      | 1932 ||| Stepping ~*~*~tactically~*~*~ (stealth).
  1941 | D:3      | Reached XP level 4. HP: 24/26 MP: 8/8
  2082 | D:3      | 2082 ||| Stepping ~*~*~tactically~*~*~ (stealth).
  2084 | D:3      | 2084 ||| Stepping ~*~*~tactically~*~*~ (stealth).
  2088 | D:3      | Reached skill level 5 in Axes
  2167 | D:3      | 2167 ||| DROPPING +0 club.
  2184 | D:3      | Found Imeaffa's Book Boutique.
  2488 | D:3      | 2488 ||| Stepping ~*~*~tactically~*~*~ (stealth).
  2491 | D:3      | 2491 ||| Stepping ~*~*~tactically~*~*~ (stealth).
  2494 | D:3      | 2494 ||| Stepping ~*~*~tactically~*~*~ (stealth).
  2496 | D:3      | 2496 ||| Stepping ~*~*~tactically~*~*~ (hiding).
  2720 | D:3      | 2720 ||| Stepping ~*~*~tactically~*~*~ (stealth).
  2853 | D:3      | 2853 ||| READING scroll labelled ERUOH UCKIJUCW.
  2866 | D:3      | 2866 ||| Stepping ~*~*~tactically~*~*~ (stealth).
  2936 | D:4      | Gained mutation: Your magical nature lets you fly swiftly
                  | and evasively. [Tengu growth]
  2936 | D:4      | Reached XP level 5. HP: 29/30 MP: 9/9
  2945 | D:4      | 2945 ||| Stepping ~*~*~tactically~*~*~ (hiding).
  2967 | D:4      | Reached skill level 6 in Axes
  2989 | D:4      | Found a sacrificial altar of Ru.
  2999 | D:4      | 2999 ||| Stepping ~*~*~tactically~*~*~ (stealth).
  3028 | D:4      | Found a hide-covered altar of Uskayaw.
  3079 | D:4      | 3079 ||| FLEEEEING.
  3152 | D:4      | Noticed a phantom
  3163 | D:4      | Killed a phantom
  3164 | D:4      | Reached skill level 3 in Armour
  3164 | D:4      | Reached XP level 6. HP: 35/35 MP: 10/10
  3316 | D:4      | Noticed Robin
  3317 | D:4      | 3317 ||| Stepping ~*~*~tactically~*~*~ (stealth).
  3322 | D:4      | 3322 ||| Stepping ~*~*~tactically~*~*~ (stealth).
  3331 | D:4      | 3331 ||| Stepping ~*~*~tactically~*~*~ (stealth).
  3343 | D:4      | 3343 ||| Stepping ~*~*~tactically~*~*~ (stealth).
  3356 | D:4      | 3356 ||| Stepping ~*~*~tactically~*~*~ (hiding).
  3503 | D:4      | 3503 ||| Stepping ~*~*~tactically~*~*~ (stealth).
  3668 | D:4      | Killed Robin
  3691 | D:4      | 3691 ||| FLEEEEING.
  3692 | D:4      | 3692 ||| FLEEEEING.
  3694 | D:4      | 3694 ||| FLEEEEING.
  3695 | D:4      | 3695 ||| FLEEEEING.
  3696 | D:4      | 3696 ||| FLEEEEING.
  3697 | D:4      | 3697 ||| FLEEEEING.
  3698 | D:4      | 3698 ||| FLEEEEING.
  3700 | D:4      | HP: 7/35 [poisoned by a kobold]
  3702 | D:4      | HP: 3/35 [poisoned by a kobold]
  3703 | D:4      | HP: 1/35 [poisoned by a kobold]
  3704 | D:4      | Succumbed to a kobold's poison

Levels and vault maps discovered:
D:1:      ebering_trefoil_twist, layout_basic, ebering_ecumenical_altar_mist
D:2:      layout_basic, grunt_decor_clamped, minmay_tiny_reverse_x
D:3:      layout_loops_ring, serial_shops,
          nicolae_shop_temple_entry_statues_fountains, kennysheep_another_room,
          minivault_14, minmay_curled_crystal
D:4:      minmay_chambers_of_twos, layout_basic,
          nicolae_ru_great_annihilating_truth,
          mainiacjoe_overflow_small_starburst, uniq_robin

Skill      XL: |  1  2  3  4  5 |
---------------+----------------+-----
Axes           | 3 4 5 6 |  6.8
Armour         | 3 |  3.3
Fighting       | |  2.0
Throwing       | |  1.0
Dodging        | |  2.1
Spellcasting   | |  2.0
Translocations | |  2.4

Action                   |  1- 3 |  4- 6 || total
-------------------------+-------+-------++-------
Melee: Hand axe          |    56 |   114 ||   170
       Kick              |    10 |    28 ||    38
       Peck              |     6 |    21 ||    27
       Punch             |       |     1 ||     1
Throw: Boomerang         |     7 |       ||     7
       Javelin           |    27 |     5 ||    32
  Use: Scroll            |     5 |     1 ||     6
       Potion            |     2 |       ||     2
 Stab: Paralysed         |       |     1 ||     1
Armor: Chain mail        |    35 |    38 ||    73
       Leather armour    |     1 |       ||     1
Dodge: Dodged            |    39 |    30 ||    69

Table legend:
 A = Non-vault XP
 B = Vault XP
 C = Vault XP percentage of total XP
 D = Non-vault monster count
 E = Vault monster count
 F = Vault count percentage of total count
                 A         B        C        D         E       F
            +---------+---------+-------+---------+---------+-------
      Total |     469 |      57 |  10.8 |      70 |      18 |  20.5
            +---------+---------+-------+---------+---------+-------
        D:1 |      28 |       0 |   0.0 |      17 |       0 |   0.0
        D:2 |      28 |       4 |  12.5 |      11 |       2 |  15.4
        D:3 |      92 |       0 |   0.0 |      22 |       0 |   0.0
        D:4 |     321 |      53 |  14.2 |      20 |      16 |  44.4
            +---------+---------+-------+---------+---------+-------
